 Dungeon Crawl Stone Soup version 0.30.1-11-g7821555f0a (webtiles) character file.

Game seed: 2703631083253832097

459 lonewolfV2 the Trooper (level 7, -4/59 HPs)
             Began as a Formicid Fighter on Dec 6, 2023.
             Slain by an ogre
             ... wielding a +0 giant spiked club
              (19 damage)
             ... on level 5 of the Dungeon.
             The game lasted 00:06:30 (3737 turns).

lonewolfV2 the Trooper (Formicid Fighter)           Turns: 3737, Time: 00:06:30

Health: -4/59      AC: 12    Str: 20    XL:     7   Next: 27%
Magic:  16/16      EV:  9    Int:  8    God:
Gold:   172        SH:  6    Dex: 15    Spells: 6/6 levels left

rFire   + . .        a - +0 war axe
rCold   . . .        c - +1 buckler
rNeg    . . .        r - +3 scale mail {rF+}
rPois   .            (helmet unavailable)
rElec   .            (no cloak)
rCorr   .            (no gloves)
SInv    +            l - +0 pair of boots
Will    .....        (no amulet) Stlth
                     j - ring of magical power
HPRegen 0.29/turn    (no ring)
MPRegen 0.15/turn

%: no passive effects
@: no status effects
A: permanent stasis, dig shafts and tunnels, antennae 3, four strong arms
a: Dig, Shaft Self


You were on level 5 of the Dungeon.
You visited 1 branch of the dungeon, and saw 5 of its levels.

You collected 172 gold pieces.

Inventory:

Hand Weapons
 a - a +0 war axe (weapon)
Armour
 c - a +1 buckler (worn)
 e - a +0 chain mail
 l - a +0 pair of boots (worn)
 r - a +3 scale mail of fire resistance (worn)
Jewellery
 j - a ring of magical power (left hand)
Wands
 d - a wand of digging (3)
 m - a wand of flame (16)
Scrolls
 g - a scroll of enchant armour
 i - 2 scrolls of blinking
 o - a scroll of amnesia
Potions
 b - a potion of invisibility
 f - 2 potions of degeneration
 h - a potion of attraction
 k - 4 potions of brilliance
 n - a potion of might
 p - a potion of flight
 q - 2 potions of curing
 t - a potion of heal wounds {unknown}


   Skills:
 + Level 6.4 Fighting
 - Level 2.0 Axes
 + Level 6.4 Armour
 - Level 4.0 Shields


You had 6 spell levels left.
You didn't know any spells.
Your spell library contained the following spells:

 Spells                   Type           Power      Damage    Failure   Level
 Lesser Beckoning         Tloc           0%         N/A       91%         2
 Gell's Gravitas          Tloc           0%         N/A       99%         3
 Teleport Other           Tloc           0%         N/A       99%         3
 Volatile Blastmotes      Fire/Tloc      0%         2d10      99%         3
 Fulminant Prism          Conj/Hex       0%         3d5       100%        4
 Iskenderun's Mystic Bla  Conj/Tloc      0%         2d3       100%        4
 Lee's Rapid Deconstruct  Erth           0%         3d4*      100%        5


Dungeon Overview and Level Annotations

Branches:
Dungeon (5/15)
 Temple: D:4-7

Altars:
Sif Muna
Wu Jian


Innate Abilities, Weirdness & Mutations

You cannot be hasted, slowed, berserked, paralysed or teleported.
You can dig through walls and to a lower floor.
You have a pair of large antennae on your head. (SInv)
Your four strong arms can wield two-handed weapons with a shield.


Message History

q - 2 potions of curing
As you read the scroll of identify, it crumbles to dust.
p - a potion of flight You climb downwards.
Found two stone staircases leading up.
There is a stone staircase leading up here.
There is a stone staircase leading up here.
There is a stone staircase leading up here.
Key pressed, stopping explore.
Key pressed, stopping explore.
Found 6 curare-tipped darts.
An ogre comes into view. It is wielding a +0 giant spiked club.
Found 18 gold pieces.
The ogre shouts!
Okay, then.
You hit the ogre.
The ogre is moderately wounded.
The ogre hits you with a +0 giant spiked club!
You slash the ogre!
The ogre is severely wounded.
A gnoll comes into view. It is wielding a +0 spear.
The ogre hits you with a +0 giant spiked club!
The gnoll shouts!
You hit the ogre but do no damage.
The ogre is severely wounded.
The ogre hits you with a +0 giant spiked club!
You barely miss the ogre.
The ogre is severely wounded.
You block the ogre's attack.
You barely miss the ogre.
The ogre is severely wounded.
The ogre hits you with a +0 giant spiked club!
* * * LOW HITPOINT WARNING * * *
You hit the ogre.
The ogre is severely wounded.
You block the gnoll's attack.
You hit the ogre.
The ogre is almost dead.
The ogre hits you with a +0 giant spiked club!!
You die...

########### ###.
..........# .....
(.........#......
.........@Og.....
######..###$.....
#........########
#..........#
#.....<.##.#
#.......##.######
#...............#
#.......##.####...
#.<.....##.#


You could see an ogre and a gnoll.

Vanquished Creatures
  Edmund (D:4)
  A scorpion (D:3)
  Jessica (D:2)
  Terence (D:3)
  An iguana (D:4)
  Natasha (thrice) (D:2)
  Robin (D:2)
  4 adders
  A worm (D:3)
  A dart slug (D:2)
  4 endoplasms
  4 giant cockroaches
  10 goblins
  9 hobgoblins
  7 jackals
  5 quokkas
  6 ball pythons
  9 bats
  3 frilled lizards
  3 kobolds
  9 rats
84 creatures vanquished.

Notes
Turn   | Place    | Note
-------+----------+-------------------------------------------
     0 | D:1      | lonewolfV2 the Formicid Fighter began the quest for the
                  | Orb.
     0 | D:1      | Reached XP level 1. HP: 18/18 MP: 1/1
   104 | D:1      | Reached XP level 2. HP: 20/24 MP: 2/2
   553 | D:1      | Reached XP level 3. HP: 30/30 MP: 3/3
   977 | D:2      | Noticed Robin
  1001 | D:2      | Killed Robin
  1002 | D:2      | Reached XP level 4. HP: 8/37 MP: 4/4
  1170 | D:2      | Noticed Natasha
  1181 | D:2      | Killed Natasha
  1186 | D:2      | Noticed Natasha
  1193 | D:2      | Killed Natasha
  1194 | D:2      | Reached XP level 5. HP: 13/43 MP: 5/5
  1801 | D:2      | Noticed Natasha
  1806 | D:2      | Killed Natasha
  1807 | D:2      | Reached skill level 5 in Fighting
  1807 | D:2      | Reached skill level 5 in Armour
  1859 | D:2      | Noticed Jessica
  1866 | D:2      | Killed Jessica
  2328 | D:3      | Reached XP level 6. HP: 35/51 MP: 6/6
  2624 | D:3      | Noticed Terence
  2631 | D:3      | Killed Terence
  2911 | D:3      | Found a shimmering blue altar of Sif Muna.
  3099 | D:4      | Found an ornate altar of the Wu Jian Council.
  3139 | D:4      | Noticed Edmund
  3172 | D:4      | Killed Edmund
  3173 | D:4      | Reached XP level 7. HP: 28/58 MP: 7/7
  3707 | D:5      | Entered Level 5 of the Dungeon
  3737 | D:5      | Slain by an ogre

Illustrated notes

Levels and vault maps discovered:
D:1:      elethiomel_arrival_infinity_welcomes_careful_drivers, layout_basic,
          serial_park_tiny_2
D:2:      layout_basic, uniq_natasha, uniq_robin, uniq_jessica
D:3:      layout_basic, tgw_sif, uniq_terence
D:4:      layout_rooms, nicolae_wu_jian_immortal_techniques, uniq_edmund
D:5:      layout_rooms, minmay_temple_entry_mini_moons,
          minmay_a_box_with_orc_wizards_in_it

Skill      XL: |  1  2  3  4  5  6 |
---------------+-------------------+-----
Fighting       | 4 5 6 |  6.4
Armour         | 4 5 6 |  6.4
Axes           | |  2.0
Shields        | |  4.0

Action                     |  1- 3 |  4- 6 |  7- 9 || total
---------------------------+-------+-------+-------++-------
  Melee: War axe           |    88 |   153 |    41 ||   282
    Use: Scroll            |     2 |     6 |     4 ||    12
         Potion            |     1 |       |       ||     1
 Armour: Scale mail        |    14 |     9 |    22 ||    45
         Chain mail        |    63 |    71 |       ||   134
  Dodge: Dodged            |    52 |    74 |    14 ||   140
  Block: Buckler           |    25 |    53 |    13 ||    91
